 Dungeon Crawl Stone Soup version 0.31.0-32-g396128a36d (webtiles) character file.

Game seed: 1152173198964109763

65 DildoBatman the Conjurer (level 4, -1/32 HPs)
             Began as a Formicid Conjurer on Mar 13, 2024.
             Killed by divine providence
             ... invoked by an orc priest
              (15 damage)
             ... on level 3 of the Dungeon.
             The game lasted 00:03:21 (1518 turns).

DildoBatman the Conjurer (Formicid Conjurer)        Turns: 1518, Time: 00:03:21

Health: -1/32      AC:  2    Str: 11    XL:     4   Next: 34%
Magic:  0/7        EV: 12    Int: 20    God:
Gold:   125        SH:  0    Dex: 12    Spells: 2/8 levels left

rFire   . . .        w - staff of conjuration
rCold   . . .        (no shield)
rNeg    . . .        c - +0 robe
rPois   .            (helmet unavailable)
rElec   .            (no cloak)
rCorr   .            (no gloves)
SInv    +            (no boots)
Will    .....        (no amulet)
Stlth   ++           (no ring)
HPRegen 0.25/turn    (no ring)
MPRegen 0.10/turn

%: no passive effects
@: very slightly contaminated
A: permanent stasis, dig shafts and tunnels, antennae 3, four strong arms
a: Dig, Shaft Self


You were on level 3 of the Dungeon.
You visited 1 branch of the dungeon, and saw 3 of its levels.

You collected 125 gold pieces.

Inventory:

Hand Weapons
 a - a +0 dagger
Missiles
 e - a throwing net
 l - 26 stones
Armour
 c - a +0 robe (worn)
 m - a +2 ring mail of willpower
Magical Staves
 w - a staff of conjuration (weapon)
Scrolls
 h - 2 scrolls of immolation {unknown}
 i - 3 scrolls of identify {unknown}
 k - a scroll of noise {unknown}
 o - a scroll of enchant weapon {unknown}
 p - 2 scrolls of teleportation {unknown}
 q - a scroll of acquirement {unknown}
Potions
 b - a potion of magic
 d - a potion of berserk rage {unknown}
 f - a potion of enlightenment {unknown}
 g - a potion of mutation {unknown}
 j - a potion of attraction {unknown}
 n - a potion of cancellation {unknown}


   Skills:
 + Level 1.1 Fighting
 + Level 1.5 Armour
 + Level 2.2 Dodging
 + Level 3.1 Stealth
 + Level 2.6 Spellcasting
 + Level 3.9 Conjurations


You had 2 spell levels left.
You knew the following spells:

 Your Spells              Type           Power      Damage    Failure   Level
a - Searing Ray           Conj           54%        2d6       4%          2
b - Mephitic Cloud        Conj/Alch/Air  11%        N/A       26%         3
c - Magic Dart            Conj           100%       1d8       3%          1

Your spell library contained the following spells:

 Spells                   Type           Power      Damage    Failure   Level
 Mercury Vapours          Alch/Air       4%         N/A       22%         2
 Summon Ice Beast         Ice/Summ       2%         N/A       41%         3
 Fulminant Prism          Conj/Alch      7%         3d7       54%         4
 Iskenderun's Mystic Bla  Conj/Tloc      15%        2d5       54%         4
 Freezing Cloud           Conj/Ice/Air   5%         6-21      94%         5
 Summon Mana Viper        Hex/Summ       2%         N/A       99%         5
 Monstrous Menagerie      Summ           1%         N/A       100%        7


Dungeon Overview and Level Annotations

Branches:
Dungeon (3/15)

Altars:

Annotations:
D:2 Robin


Innate Abilities, Weirdness & Mutations

You cannot be hasted, slowed, berserked, paralysed or teleported.
You can dig through walls and to a lower floor.
You have a pair of large antennae on your head. (SInv)
Your four strong arms can wield two-handed weapons with a shield.


Message History

The orc priest mumbles some strange prayers to Beogh against you.
Beogh smites you!
The orc priest invokes the aid of Beogh against you.
Beogh smites you! The orc attacks as it pursues you! The orc barely misses you.
Casting: Searing Ray (safe; 4% risk of failure)
Confirm with . or Enter, or press ? or * to list all spells.
Aiming: Searing Ray (safe; 4% risk of failure)
Press: ? - help, Shift-Dir - straight line, f - orc
Aim: an orc, wielding a +0 flail and wearing a +0 ring mail (82% to hit)
You feel a surge of power!
You miscast Searing Ray.
You are very lightly contaminated with residual magic.
Nothing appears to happen.
The orc closely misses you.
Casting: Searing Ray (safe; 4% risk of failure)
Confirm with . or Enter, or press ? or * to list all spells.
Aiming: Searing Ray (safe; 4% risk of failure)
Press: ? - help, Shift-Dir - straight line, f/p - orc
Aim: an orc, wielding a +0 flail and wearing a +0 ring mail (82% to hit)
You feel a surge of power!
The searing ray hits the orc but does no damage.
The searing ray hits the orc.
The orc is severely wounded. (Press . to maintain the ray.)
The orc barely misses you.
The searing ray hits the orc.
The orc is heavily wounded.
The searing ray hits the orc.
You kill the orc!
The searing ray hits the orc priest.
The orc priest is heavily wounded.
The orc priest miscasts a cantrip.
The orc hits you with a +0 flail. The orc attacks as it pursues you!
The orc misses you.
The orc priest calls down the wrath of Beogh upon you.
Beogh smites you!
You die...

...........#####
############
.).............#
.....##....###.#
.....##.##.# #.#
##.#.......# #.#
#.####.####
#.### #...#
###.# #@## #..#
##o# #.# #o# #.#
#o# ########.#
.ooo..{..#


You could see 2 orc priests and an orc.

Vanquished Creatures
  An adder (D:3)
  2 dart slugs (D:2)
  3 ribbon worms (D:3)
  An orc (D:3)
  2 ball pythons
  2 bats
  An endoplasm (D:1)
  2 giant cockroaches
  4 goblins
  6 hobgoblins
  6 jackals
  2 kobolds
  A quokka (D:1)
  4 frilled lizards
  A rat (D:1)
38 creatures vanquished.

Notes
Turn   | Place    | Note
-------+----------+-------------------------------------------
     0 | D:1      | DildoBatman the Formicid Conjurer began the quest for the
                  | Orb.
     0 | D:1      | Reached XP level 1. HP: 13/13 MP: 3/3
    89 | D:1      | Reached XP level 2. HP: 5/20 MP: 0/5
   431 | D:1      | Learned a level 2 spell: Searing Ray
   539 | D:1      | Reached XP level 3. HP: 25/25 MP: 2/6
   684 | D:1      | Reached skill level 1 in Armour
   753 | D:1      | Learned a level 3 spell: Mephitic Cloud
   881 | D:2      | Noticed Robin
  1004 | D:3      | Reached skill level 1 in Fighting
  1068 | D:3      | Reached XP level 4. HP: 32/32 MP: 2/7
  1518 | D:3      | Killed from afar by an orc priest

Illustrated notes

Levels and vault maps discovered:
D:1:      matt_arrival_grand_opening, layout_rooms,
          nicolae_kite_square_tiling_tiny, minmay_pentomino_t2
D:2:      minmay_skewed_foursquare, layout_rooms, uniq_terence, uniq_robin
D:3:      layout_loops_cross

Skill      XL: |  1  2  3 |
---------------+----------+-----
Dodging        | 2 |  2.2
Armour         | 1 |  1.5
Fighting       | 1 |  1.1
Stealth        | 3 |  3.1
Spellcasting   | |  2.6
Conjurations   | |  3.9

Action                     |  1- 3 |  4- 6 || total
---------------------------+-------+-------++-------
  Melee: Unarmed           |    33 |       ||    33
         Punch             |     3 |       ||     3
         Dagger            |    39 |     1 ||    40
   Cast: Magic Dart        |    57 |     4 ||    61
         Searing Ray       |     2 |     3 ||     5
   Stab: Sleeping          |     1 |       ||     1
 Armour: Robe              |    49 |     2 ||    51
  Dodge: Dodged            |    58 |     4 ||    62
